 Dungeon Crawl Stone Soup version 0.30-a0-341-g682706514a (webtiles) character file.

Game seed: 7188430973291931020

35 RascalDebosk the Magician (level 3, 0/25 HPs)
             Began as a Djinni Venom Mage on Nov 2, 2022.
             Constricted to death by a goblin (2 damage)
             ... on level 2 of the Dungeon on Nov 3, 2022.
             The game lasted 00:15:46 (740 turns).

RascalDebosk the Magician (Djinni Venom Mage)        Turns: 740, Time: 00:15:46

Health: 0/25       AC:  3    Str:  7    XL:     3   Next: 52%
Gold:   61         EV:  9    Int: 18    God:
                   SH:  0    Dex: 13

rFire   + + .      SeeInvis .    i - +1 dagger (drain)
rCold   x . .      Faith    .    (no shield)
rNeg    . . .      Spirit   .    a - +0 robe
rPois   ∞          Reflect  .    (no helmet)
rElec   .          Harm     .    (no cloak)
rCorr   .          Rampage  .    h - +0 pair of gloves
Will    .....                    (boots unavailable)
Stlth   ++........               (no amulet)
HPRegen 0.24/turn                (no ring)
MPRegen 0.00/turn                (no ring)

@: grasped by roots, flying, constricted
A: sickness immunity, fire resistance 2, cold vulnerability 1, float, innate
caster, HP casting, extra vitality 1
a: no special abilities


You were on level 2 of the Dungeon.
You visited 1 branch of the dungeon, and saw 2 of its levels.

You collected 61 gold pieces.

Inventory:

Hand Weapons
 i - a +1 dagger of draining (weapon)
 s - a +0 dagger
Armour
 a - a +0 robe (worn)
 e - a +0 buckler
 h - a +0 pair of gloves (worn)
Scrolls
 b - 3 scrolls of teleportation {unknown}
 d - a scroll of magic mapping {unknown}
 f - a scroll of identify {unknown}
 g - a scroll of enchant weapon {unknown}
Potions
 c - a potion of heal wounds {unknown}


   Skills:
 - Level 2.1 Dodging
 - Level 1.5 Stealth
 * Level 3.4 Spellcasting


You couldn't memorise any spells.
You knew the following spells:

 Your Spells              Type           Power      Damage    Failure   Level
a - Sting                 Tmut/Pois      60%        1d6       3%          1
b - Poisonous Vapours     Pois/Air       30%        N/A       6%          2
c - Mephitic Cloud        Conj/Pois/Air  15%        N/A       12%         3
d - Olgreb's Toxic Radia  Pois           15%        N/A       36%         4
e - Necrotise             Necr           60%        1d7       3%          1
Your spell library was empty.

Dungeon Overview and Level Annotations

Branches:
Dungeon (2/15)

Altars:


Innate Abilities, Weirdness & Mutations

You are immune to sickness and miasma.
You are immune to poison.
Your flesh is very heat resistant. (rF++)
You are vulnerable to cold. (rC-)
You float through the air rather than walking.
You learn spells naturally, not from books.
Your magical power is your life essence.
You have superior vitality. (+4 MHP)


Message History

Press: ? - help, Dir - move target, f/p - dart slug
Aim: a dart slug (moderately wounded, poisoned, ally target) Poisonous vapours surround the dart slug!
The dart slug looks even sicker.
* * * LOW HITPOINT WARNING * * *
Your adder skeleton bites the dart slug.
You feel a bit more experienced.
Found a stone staircase leading up.
You start resting.
Your adder skeleton crumbles into dust!
HP restored.
Found 8 stones.
b - 3 scrolls labelled QYGYTR GAIZUPS (gained 1)
Found a sling.
Found 8 stones.
A kobold comes into view. It is wielding a +0 short sword.
Found a bubbling yellow potion.
Casting: Poisonous Vapours (safe; 6% risk of failure)
Confirm with . or Enter, or press ? or * to list all spells.
Aiming: Poisonous Vapours (safe; 6% risk of failure)
Press: ? - help, Dir - move target, f - kobold
Aim: a kobold, wielding a +0 short sword (asleep)
Okay, then.
Casting: Poisonous Vapours (safe; 6% risk of failure)
Confirm with . or Enter, or press ? or * to list all spells.
Aiming: Poisonous Vapours (safe; 6% risk of failure)
Press: ? - help, Dir - move target, f - kobold
Aim: a kobold, wielding a +0 short sword (asleep) Poisonous vapours surround the kobold!
The kobold is poisoned.
The kobold shouts!
Casting: Poisonous Vapours (safe; 6% risk of failure)
Confirm with . or Enter, or press ? or * to list all spells.
The spell is quite dangerous to miscast (12% risk of failure)!
Continue anyway?
Aiming: Mephitic Cloud (quite dangerous; 12% risk of failure)
Press: ? - help, Shift-Dir - straight line, p - kobold The ball explodes into a vile cloud!
The stinking cloud engulfs the kobold but does no damage.
The kobold is heavily wounded.
You hear an angry hiss.
The kobold is engulfed in noxious fumes.
The kobold appears confused.
The kobold hits itself but does no damage.
The kobold is engulfed in noxious fumes.
The kobold appears confused.
You kill the kobold!
A ball python comes into view.
A goblin comes into view.
It is wielding a +0 dagger and carrying a wand of roots (7).
An endoplasm comes into view.
Casting: Mephitic Cloud (quite dangerous; 12% risk of failure)
Confirm with . or Enter, or press ? or * to list all spells.
Aiming: Poisonous Vapours (safe; 6% risk of failure)
Press: ? - help, Dir - move target, f - goblin
Aim: a goblin, wielding a +0 dagger, wearing a +0 robe and carrying a wand of roots (7) (wandering, hasn't noticed you) Poisonous vapours surround the goblin!
The goblin is poisoned.
The goblin shouts!
The ball python hisses angrily.
Casting: Poisonous Vapours (safe; 6% risk of failure)
Confirm with . or Enter, or press ? or * to list all spells.
Aiming: Poisonous Vapours (safe; 6% risk of failure)
Press: ? - help, Dir - move target, f - ball python, p - goblin
Aim: a ball python Poisonous vapours surround the ball python!
The ball python is poisoned.
The goblin zaps a wand.
The roots erupt in riotous growth!
The grasping roots grab you! The grasping roots constrict you.
You hear a shout!
Casting: Poisonous Vapours (safe; 6% risk of failure)
Confirm with . or Enter, or press ? or * to list all spells.
The spell is quite dangerous to miscast (12% risk of failure)!
Continue anyway?
Aiming: Mephitic Cloud (quite dangerous; 12% risk of failure)
Press: ? - help, Shift-Dir - straight line, f/p - ball python
Aim: a ball python (poisoned, chance to affect: 96%)
The ball explodes into a vile cloud!
The stinking cloud engulfs the ball python but does no damage.
* * * LOW HITPOINT WARNING * * *
The ball python is engulfed in noxious fumes.
The ball python appears confused.
The grasping roots constrict you.
* * * LOW HITPOINT WARNING * * *
Casting: Mephitic Cloud (quite dangerous; 12% risk of failure)
Confirm with . or Enter, or press ? or * to list all spells.
The spell is quite dangerous to miscast (12% risk of failure)!
Continue anyway?
Aiming: Mephitic Cloud (quite dangerous; 12% risk of failure)
Press: ? - help, Shift-Dir - straight line, p - ball python The ball explodes into a vile cloud!
The stinking cloud engulfs the goblin but does no damage.
The goblin is moderately wounded.
* * * LOW HITPOINT WARNING * * *
The grasping roots constrict you.
* * * LOW HITPOINT WARNING * * *
The grasping roots release their grip on you.
Unknown command.
A goblin comes into view. It is wielding a +0 dagger.
The goblin shouts!
A giant cockroach comes into view.
The goblin zaps a wand.
The roots erupt in riotous growth!
The grasping roots grab you! The grasping roots constrict you.
You die...

... .### !.. ...
.... .. #.# .(...
... #..#####.....
.... #...........
....####..@..(○○..
#.#.g....#....○○..
.....g☼☼.....○...#
...B..○......S...#
#..)....##...J...#
<...###.........#.
...##.............
......#.##.^......
........#.........


You could see an endoplasm, a giant cockroach, 2 goblins and a ball python
(confused, poisoned).

Vanquished Creatures
  An adder (D:2)
  A dart slug (D:2)
  3 endoplasms (D:1)
  A goblin (D:1)
  2 hobgoblins
  A quokka (D:2)
  5 ball pythons (D:1)
  3 bats (D:1)
  4 kobolds
21 creatures vanquished.

Vanquished Creatures (others)
  2 plants (D:1)
2 creatures vanquished.

Grand Total: 23 creatures vanquished

Notes
Turn   | Place    | Note
-------+----------+-------------------------------------------
     0 | D:1      | RascalDebosk the Djinni Venom Mage began the quest for the
                  | Orb.
     0 | D:1      | RascalDebosk set off with the following spells memorised:
                  | Sting, Poisonous Vapours, Mephitic Cloud, Olgreb's Toxic
                  | Radiance.
     0 | D:1      | Reached XP level 1. HP: 15/15 MP: 0/0
   156 | D:1      | Reached XP level 2. HP: 19/21 MP: 0/0
   360 | D:1      | Found a faded altar of an unknown god.
   373 | D:1      | Reached skill level 3 in Spellcasting
   658 | D:2      | Reached XP level 3. HP: 22/25 MP: 0/0
   658 | D:2      | Learned a level 1 spell: Necrotise
   740 | D:2      | Constricted to death by a goblin

Illustrated notes

Levels and vault maps discovered:
D:1:      denvon_arrival_planthouse, layout_rooms,
          dreamdust_ecumenical_altar_grove, corexii_hall_statues_u, st_stairs_12
D:2:      layout_rooms, kennysheep_flooded_box, hangedman_decor_opposing

Skill      XL: |  1  2 |
---------------+-------+-----
Spellcasting   | 3 |  3.4
Dodging        | |  2.1
Stealth        | |  1.5

Action                   || total
-------------------------++-------
Melee: Dagger            ||    15
 Cast: Sting             ||    17
       Poisonous Vapours ||    15
       Necrotise         ||     5
       Mephitic Cloud    ||     3
 Stab: Sleeping          ||     1
Armor: Robe              ||    10
Dodge: Dodged            ||    16

Table legend: (Time is in decaauts)
 A = Elapsed time spent in this place.
 B = Non-inter-level travel time spent in this place.
 C = Inter-level travel time spent in this place.
 D = Time resting spent in this place.
 E = Time spent auto-exploring this place.
 F = Levels seen in this place.
 G = Mean time per level.
                   A        B        C        D        E       F      G
               +--------+--------+--------+--------+--------+-----+--------+
         Total |    738 |    663 |     75 |     81 |    213 |   2 |  369.0 |
       Dungeon |    738 |    663 |     75 |     81 |    213 |   2 |  369.0 |
               +--------+--------+--------+--------+--------+-----+--------+

Top non-repeatable levels by time:
     D:1: 641 daAuts
     D:2: 97 daAuts
